Map: Central Protocol

Players

lIlIlIlIlI - Winner!

  • Race: Zerg Zerg
  • League: Grandmaster

State

  • Race: Protoss Protoss
  • League: Grandmaster

VOD

Have the link to the VOD?

Description

Time

  • Played on: Nov. 25, 2015, 2:49 a.m.
  • Length: 6:46
Show
View Real Time Build Order
Export as new Build Order

lIlIlIlIlI Zerg - Winner!

Build Orders: Pool First 

Get SALT Encoding   

  12  0:10  Extractor  
  11  0:21  Spawning Pool  
  11  0:25  Drone  
  11  0:30  Drone  
  11  0:35  Drone  
  13  0:48  Overlord  
  13  1:08  Zergling x6  
  16  1:14  Metabolic Boost  
  16  1:19  Zergling x2  
  17  1:30  Zergling x2  
  18  1:34  Queen  
  20  1:40  Zergling x2  
  21  1:51  Overlord  
  21  2:02  Drone  
  21  2:14  Drone  
  22  2:25  Drone  
  23  2:33  Hatchery  
  23  2:35  Drone  
  22  2:45  Drone x3  
  25  2:52  Queen  
  25  2:56  Overlord  
  26  3:02  Zergling x2  
  27  3:20  Zergling x2  
  27  3:21  Zergling x2  
  27  3:25  Zergling x2  
  27  3:26  Zergling x4  
  32  3:33  Zergling x2  
  32  3:44  Drone  
  32  3:48  Drone  
  34  3:54  Overlord  
  33  4:00  Drone x4  
  36  4:03  Queen  
  36  4:06  Drone  
  36  4:07  Drone  
  36  4:08  Roach Warren  
  39  4:17  Drone  
  39  4:20  Drone  
  40  4:27  Drone  
  38  4:34  Zergling x2  
  38  4:35  Zergling x12  
  42  4:39  Queen  
  42  4:42  Drone x2  
  46  4:51  Overlord  
  48  4:53  Roach  
  48  5:02  Roach x2  
  48  5:03  Overlord  
  52  5:10  Roach x2  
  55  5:15  Zergling x6  
  55  5:16  Roach  
  60  5:21  Overlord  
  60  5:27  Roach  
  60  5:37  Roach  
  60  5:40  Queen, Zergling x6  
  60  5:42  Queen  
  67  5:44  Roach  
  67  5:45  Overlord  
  71  5:55  Overlord  
  69  5:57  Overlord  
  64  6:05  Roach  
  64  6:08  Roach  
  64  6:09  Overlord  
  64  6:10  Zergling x2  
  67  6:14  Zergling x2  
  67  6:15  Zergling x4  
  67  6:16  Roach  
  72  6:20  Zergling x2  
  72  6:21  Zergling x2  
  74  6:26  Zergling x4  
Show
View Real Time Build Order
Export as new Build Order

State Protoss 

Build Orders:  

Get SALT Encoding   

  12  0:01  Probe (Chrono Boost)  
  13  0:11  Probe (Chrono Boost)  
  14  0:19  Pylon  
  14  0:22  Probe (Chrono Boost)  
  15  0:37  Probe (Chrono Boost)  
  16  0:48  Probe (Chrono Boost)  
  17  0:52  Gateway  
  17  0:55  Forge  
  17  0:58  Probe (Chrono Boost)  
  17  1:01  Assimilator  
  18  1:07  Assimilator  
  18  1:11  Probe (Chrono Boost)  
  19  1:21  Probe (Chrono Boost)  
  20  1:32  Probe (Chrono Boost), Photon Cannon  
  21  1:42  Cybernetics Core, Probe (Chrono Boost)  
  22  1:47  Pylon  
  22  1:57  Pylon  
  22  2:05  Probe (Chrono Boost)  
  23  2:12  Pylon  
  22  2:30  Zealot  
  22  2:31  Mothership Core (Chrono Boost)  
  22  2:32  Pylon  
  26  2:49  Probe (Chrono Boost)  
  25  2:54  Warp Gate  
  25  2:55  Protoss Ground Weapons Level 1  
  25  3:00  Probe (Chrono Boost)  
  26  3:10  Probe (Chrono Boost)  
  27  3:17  Robotics Facility  
  26  3:22  Adept (Chrono Boost)  
  28  3:30  Pylon  
  28  3:33  Probe  
  29  3:45  Probe  
  30  3:52  Adept (Chrono Boost)  
  31  4:04  Warp Prism (Chrono Boost)  
  32  4:17  Gateway  
  32  4:18  Gateway  
  30  4:40  Observer (Chrono Boost)  
  30  4:41  Gateway  
  31  4:51  Gateway  
  31  4:56  Sentry  
  33  5:21  Adept x3  
  36  5:43  Stalker x3  
  36  5:48  Stalker  
  36  5:49  Stalker  
  44  6:03  Stalker  
  44  6:07  Stalker  
  44  6:12  Sentry  
  44  6:16  Pylon  
  46  6:35  Stalker x2  
Tags
 
Add a new tag
Caveats
  • Supply blocks, unpowered buildings, or Contaminate may cause inaccurate times.
  • Supply counts are checked every 10 seconds.